Kradschützen Motorcycle Team
Construct Light Support Kompanie
Selects Defensive Operations
le.IG 18 Support Gun Team
Pak 38 Anti-tank Gun Team
Construct Mechanized Kompanie
Selects Prepared Positions
Marder III Tank Destroyer
254 Reconnaissance Tractor
Pak 38 Anti-tank Gun Team
Marder III Tank Destroyer
18-tonne Recovery Half-track
Selects L6/40 Light Tank Combat Group
Marder III Tank Destroyer
Selects Obice 305mm Barrage
Selects Towed Cannone da 105/28 Field Howitzer